 Dungeon Crawl Stone Soup version 0.25.0-46-gbd7b0854d2 (webtiles) character file.

Game seed: 2044841535133447310

35 Milting the Skirmisher (level 3, 0/29 HPs)
             Began as a Demonspawn Berserker on July 12, 2020.
             Was a Follower of Trog.
             Succumbed to an adder's poison
             ... on level 2 of the Dungeon.
             The game lasted 00:04:16 (1758 turns).

Milting the Skirmisher (Demonspawn Berserker)       Turns: 1758, Time: 00:04:16

Health: 0/29       AC:  6    Str: 18    XL:     3   Next: 17%
Magic:  3/3        EV: 12    Int:  8    God:    Trog [*.....]
Gold:   45         SH:  0    Dex: 12    Spells: 2/2 levels left

rFire    . . .     SeeInvis .     - Unarmed
rCold    . . .     Gourm    .   (no shield)
rNeg     + . .     Faith    .   a - +0 animal skin
rPois    .         Spirit   .   (no helmet)
rElec    .         Reflect  .   (no cloak)
rCorr    .         Harm     .   c - +2 pair of gloves
MR       .....                  e - +0 pair of boots
Stlth    ++........             (no amulet)
HPRegen  0.09/turn              j - ring of positive energy
MPRegen  0.08/turn              (no ring)

@: mighty, lethally poisoned (0 -> -3), berserk cooldown, slowed, very slow
A: hooves 1, nightstalker 1
a: Berserk, Renounce Religion


You were on level 2 of the Dungeon.
You worshipped Trog.
Trog was aware of your devotion.
You were not hungry.

You visited 1 branch of the dungeon, and saw 2 of its levels.

You collected 45 gold pieces.

Inventory:

Missiles
 g - 36 stones (quivered)
Armour
 a - a +0 animal skin (worn)
 c - a +2 pair of gloves (worn)
 e - a +0 pair of boots (worn)
Jewellery
 j - a ring of positive energy (left hand)
Scrolls
 d - 2 scrolls of amnesia {unknown}
 f - a scroll of enchant armour {unknown}
 h - a scroll of identify {unknown}
 i - a scroll of remove curse {unknown}
Comestibles
 b - a ration


   Skills:
 + Level 3.3 Fighting
 + Level 2.2 Armour
 + Level 2.2 Dodging
 + Level 3.0 Unarmed Combat


You had 2 spell levels left.
You didn't know any spells.
Your spell library was empty.

Dungeon Overview and Level Annotations

Branches:
Dungeon (2/15)

Altars:


Innate Abilities, Weirdness & Mutations

You have large cloven feet.
You are slightly more attuned to the shadows.


Message History

Increase (S)trength, (I)ntelligence, or (D)exterity?
You feel stronger.
Your demonic ancestry asserts itself...
Your feet thicken and deform.
* * * LOW HITPOINT WARNING * * *
You feel sick.
You are too berserk!
Unknown command.
Unknown command.
You are no longer berserk.
You are exhausted.
You feel yourself slow down.
It was a potion of might.
You feel very mighty all of a sudden.
* * * LOW HITPOINT WARNING * * *
You feel sick.
* * * LOW HITPOINT WARNING * * *
You feel sick.
* * * LOW HITPOINT WARNING * * *
You feel sick.
You die...

#..# #..#.# ##..#.#
...#.##### #.###.#.#(..
# #.......#.####
#.#####........#
###........@..#.
........#.#.#)#####
#######.#.........#
#######.###.#.....?..
............#........
########.####..........
#......#...##.#.#######
#.####.#.####.#.# #.#
#<..# # #.


There were no monsters in sight!

Vanquished Creatures
  An adder (D:2)
  An ooze (D:1)
  A worm (D:2)
  A leopard gecko (D:1)
  A giant cockroach (D:1)
  3 hobgoblins
  3 jackals (D:1)
  A kobold (D:1)
  2 bats (D:1)
  2 frilled lizards (D:1)
  2 rats (D:1)
18 creatures vanquished.

Notes
Turn   | Place    | Note
-------+----------+-------------------------------------------
     0 | D:1      | Milting the Demonspawn Berserker began the quest for the
                  | Orb.
     0 | D:1      | Reached XP level 1. HP: 18/18 MP: 1/1
   324 | D:1      | Gained mutation: You are slightly more attuned to the
                  | shadows. [demonic ancestry]
   324 | D:1      | Reached XP level 2. HP: 20/24 MP: 2/2
  1750 | D:2      | Gained mutation: You have large cloven feet. [demonic
                  | ancestry]
  1750 | D:2      | Reached XP level 3. HP: 6/29 MP: 3/3
  1754 | D:2      | HP: 1/29 [poisoned by an adder]
  1758 | D:2      | Succumbed to an adder's poison

Illustrated notes

Levels and vault maps discovered:
D:1:      dpeg_arrival_brainrot, layout_basic, grunt_decor_one_mirror,
          supply_closet_lemuel, corner_web_ring, minmay_ruptured
D:2:      layout_basic, makhleb_grotto_becter, ashenzari_altar_1

Skill      XL: |  1  2 |
---------------+-------+-----
Armour         | 2 |  2.2
Dodging        | 2 |  2.2
Unarmed Combat | 3 |  3.0
Fighting       | |  3.3

Action                   || total
-------------------------++-------
Melee: Unarmed           ||    90
       Punch             ||     1
Invok: Berserk           ||     2
  Use: Potion            ||     1
 Stab: Distracted        ||     1
       Sleeping          ||     1
  Eat: Ration            ||     1
       Chunk             ||     1
Armor: Animal skin       ||    21
Dodge: Dodged            ||    66
